[Event "GCT Superbet Romania 2022"]
[Site "Bucharest"]
[Date "2022.05.07"]
[Round "3.1"]
[White "Caruana, Fabiano"]
[Black "So, Wesley"]
[Result "1/2-1/2"]
[ECO "E05"]
[WhiteElo "2786"]
[BlackElo "2766"]
[Annotator "TA"]
[PlyCount "80"]
[EventDate "2022.05.05"]
[EventType "tourn"]
[EventCountry "ROU"]
[SourceTitle "playchess.com"]
[Source "ChessBase"]
[SourceQuality "1"]
[TimeControl "40/5400+30:1800+30"]

1. d4 Nf6 2. c4 e6 3. Nf3 d5 4. g3 Be7 5. Bg2 O-O 6. O-O dxc4 7. Qa4 a6 8. Qxc4 b5 9. Qc2 Bb7 10. Bd2 Be4 11. Qc1 c6 {[%emt 0:00:42] E05: Open Catalan: 5 Nf3 Be7.} 12. a4 b4 {[%emt 0:11:03] Prevents Nc3.} 13. Bg5 Bxf3 {[%emt 0:10:55] The position is equal.} 14. Bxf3 Qxd4 15. Rd1 Qa7 16. Nd2 Nd5 17. Nc4 {[%emt 1:04:10] [#]} Bxg5 $146 (17... Nd7 18. e4 Bxg5 19. Qxg5 N5f6 20. Rac1 a5 21. Kg2 h6 22. Qe3 Qxe3 23. Nxe3 Rfc8) ({Predecessor:} 17... Nd7 18. e4 Bxg5 19. Qxg5 N5f6 20. Rac1 a5 21. Kg2 h6 22. Qe3 Qxe3 23. Nxe3 Rfc8 {½-½ (30) Gupta,A (2634)-Rambaldi,F (2541) Reykjavik 2016}) 18. Qxg5 h6 19. Qd2 a5 20. e4 Nb6 21. Nxb6 (21. Ne5 Qc7 22. Qd6 Ra7 23. b3) 21... Qxb6 22. e5 Ra7 $1 23. Qf4 Rd7 24. Rd6 Rxd6 25. exd6 c5 26. Rd1 Rd8 27. b3 Nc6 28. Bxc6 Qxc6 $17 {[%emt 0:00:03][%mdl 4096] Endgame KQR-KQR} 29. Rd2 f6 30. h4 h5 31. Rd1 Kf7 32. Rd2 Kf8 {[%emt 0:01:42] [#] Strongly threatening ...e5.} 33. Rd1 Rd7 34. Qd2 Qf3 (34... c4 35. bxc4 Qxc4) (34... c4 $17 35. bxc4 Qxc4) 35. Qc2 $11 Kf7 36. Rd2 Qc6 37. Qd3 Kf8 38. Rd1 Kf7 39. Rd2 Kf8 40. Rd1 Kf7 {[%emt 0:01:11] Weighted Error Value: White=0.05 (flawless) /Black=0.06 (flawless)} (40... Rd8) (40... Rd8 $15) 1/2-1/2

[Event "GCT Superbet Romania 2022"]
[Site "Bucharest"]
[Date "2022.05.07"]
[Round "3.2"]
[White "Nepomniachtchi, Ian"]
[Black "Dominguez Perez, Leinier"]
[Result "1/2-1/2"]
[ECO "C43"]
[WhiteElo "2773"]
[BlackElo "2753"]
[Annotator "TA"]
[PlyCount "100"]
[EventDate "2022.05.05"]
[EventType "tourn"]
[EventCountry "ROU"]
[SourceTitle "playchess.com"]
[Source "ChessBase"]
[SourceQuality "1"]
[TimeControl "40/5400+30:1800+30"]

1. e4 e5 2. Nf3 Nf6 3. d4 Nxe4 4. Bd3 d5 5. Nxe5 Nd7 6. Nc3 Nxc3 7. bxc3 Bd6 {[%emt 0:00:10] seems to push 7...Nxe5 aside.} 8. O-O O-O 9. Re1 c5 {[%emt 0:00:36] C43: Petroff Defence: 3 d4.} 10. Qf3 c4 11. Bf5 Nxe5 12. dxe5 {[%emt 0:00:05] And now Bxc8 would win.} Re8 13. Bxc8 Rxc8 {[%emt 0:00:07] [#]} 14. Bg5 $1 Be7 {[%emt 0:01:18] [#]} (14... Qxg5 15. exd6) 15. e6 $1 {[%emt 0:00:24] [#]} fxe6 $146 {[%emt 0:00:07] [#]} (15... f6 16. Be3) (15... f6 16. Bf4 Rc6 17. Rab1 b6 18. Rbd1 Bc5 19. Rxd5 Qc8 20. e7 Re6 21. Rdd1 g5) ({Predecessor:} 15... f6 16. Bf4 Rc6 17. Rab1 b6 18. Rbd1 Bc5 19. Rxd5 Qc8 20. e7 Re6 21. Rdd1 g5 {0-1 (51) Aguilar Medina,J (1688)-Gralke,W ICCF email 2020}) 16. Rxe6 $1 {[%emt 0:00:05] aiming for Rae1.} Bxg5 17. Rxe8+ Qxe8 18. Qxd5+ Kh8 {[%emt 0:00:09] Hoping for ...h6.} 19. Qxg5 $11 {[%emt 0:00:04][%mdl 4096] Endgame KQR-KQR} Qe2 {[%emt 0:00:19] Prevents Rd1.} 20. Qf5 Rd8 {[%emt 0:01:17] ( -> ...Rd1+)} 21. h3 h6 22. a4 b6 23. Qg4 Qxg4 (23... Qxc2 {feels hotter.} 24. Qxc4 Rd2 25. Qf4 Qxc3 26. Re1 Rd8) 24. hxg4 {[%emt 0:01:14] KR-KR} Rd2 25. Rc1 Kg8 26. Kf1 Kf7 27. Ke1 Rd5 28. Rb1 Ke6 29. Rb4 Re5+ 30. Kd2 Kd5 31. a5 bxa5 (31... Kc5) 32. Ra4 Kc6 33. Rxc4+ Rc5 34. Re4 Kb5 {[%emt 0:01:30] Inhibits c4+.} 35. f4 (35. Re7) (35. Re7 $14) 35... a4 {[%emt 0:02:16] The position is equal.} 36. Re7 a5 37. Rxg7 {[%emt 0:01:52] Rb7+ is the strong threat.} a3 {[%emt 0:00:06] Strongly threatening ...a2.} 38. Kc1 Rxc3 39. g5 a2 40. Kb2 Rxc2+ 41. Ka1 hxg5 42. Rxg5+ Kb4 43. Rg3 Rf2 44. Rf3 Rxf3 45. gxf3 Kc5 46. Kxa2 {[%emt 0:00:02] KPP-KP} Kd5 47. Ka3 Ke6 48. Ka4 Kf5 49. Kxa5 Kxf4 50. Kb4 Kxf3 {[%emt 0:00:02] Weighted Error Value: White=0.04 (flawless) /Black=0.02 (flawless)} 1/2-1/2

[Event "GCT Superbet Romania 2022"]
[Site "Bucharest"]
[Date "2022.05.07"]
[Round "3.3"]
[White "Rapport, Richard"]
[Black "Deac, Bogdan-Daniel"]
[Result "0-1"]
[ECO "E46"]
[WhiteElo "2776"]
[BlackElo "2671"]
[Annotator "TA"]
[PlyCount "104"]
[EventDate "2022.05.05"]
[EventType "tourn"]
[EventCountry "ROU"]
[SourceTitle "playchess.com"]
[Source "ChessBase"]
[SourceQuality "1"]
[TimeControl "40/5400+30:1800+30"]

1. d4 Nf6 2. c4 e6 3. Nc3 Bb4 4. e3 O-O 5. Nge2 c6 6. a3 {[%emt 0:00:53] E46: Nimzo-Indian: Rubinstein: 4 e3 0-0 5 Ne2 without early Bd3.} Ba5 7. c5 d5 8. cxd6 {[%emt 0:01:55] The position is equal.} Qxd6 9. b4 Bb6 $5 {[%emt 0:08:07][%mdl 4] A promising side line.} 10. Bb2 Nbd7 {[%emt 0:07:46] [#]} 11. Ng3 $146 (11. g3 a5 12. b5 c5 13. Na4 cxd4 14. Nxd4 Nc5 15. Nxc5 Bxc5 16. Nb3 Qxd1+ 17. Rxd1) ({Predecessor:} 11. g3 a5 12. b5 c5 13. Na4 cxd4 14. Nxd4 Nc5 15. Nxc5 Bxc5 16. Nb3 Qxd1+ 17. Rxd1 {1-0 (34) Gupta,A (2617)-Deac,B (2578) Budapest 2018}) 11... Rd8 12. Bc4 e5 13. Qb3 (13. Na4) (13. Nce2 $11 {might be stronger.}) 13... exd4 $15 14. Bxf7+ Kh8 (14... Kf8 15. Nce4 Qe7) ({Black should try} 14... Kf8 $1 $15 15. Nce4 Qe7) 15. exd4 $1 $11 Bxd4 {[%emt 0:05:52] aiming for ...Qe7+.} 16. O-O-O Ne5 17. Nce4 $1 Bxb2+ (17... Nxe4 18. Bxd4 (18. Rxd4 Qh6+ 19. Qe3 Qxe3+ 20. fxe3 Rxd4) 18... Nxf7 19. Qxf7 Qh6+ 20. Be3) ({Resist} 17... Nxe4 18. Bxd4 (18. Rxd4 $2 Qh6+ 19. Qe3 Qxe3+ 20. fxe3 Rxd4 $19) 18... Bg4 19. Nxe4 $16) 18. Qxb2 Nd3+ {[%emt 0:00:37] [#]} 19. Rxd3 $1 Qxd3 20. Nxf6 {[%emt 0:00:09][%cal Oh1e1] Pair of Knights!} Qd6 $1 21. Nfh5 {[%emt 0:01:51][%csl Gh5][%cal Rb2g7] Inhibits Qf4+.} Qh6+ (21... Qf8 22. Bb3 Bg4) (21... Qf8 $1 $11 {remains equal.} 22. Bb3 c5) 22. f4 $1 $16 Bg4 {[%emt 0:00:39] [#]} 23. Qe5 $1 a5 24. bxa5 {[%emt 0:02:32] Re1 is the strong threat.} Rd7 {[%emt 0:02:25] [#]} (24... Rf8) (24... Rf8 $16) 25. Be8 $2 (25. Bb3) (25. Bb3 $1 $18) 25... Rdd8 $1 $36 {[%emt 0:00:17][%mdl 2048] Black has good play.} (25... Rd5 26. Qe7 g5 27. Nf6 Rdxa5 28. Nxg4) (25... Rd5 $2 26. Qe7 g5 27. Nf6 Rc5+ 28. Qxc5 $18) 26. Re1 {[%emt 0:00:51][%cal Oe5e7] Strongly threatening Qe7!} Kg8 $1 27. Nf5 Bxf5 {[%emt 0:00:09] Chess con chili.} 28. Bf7+ {[%emt 0:00:03][%mdl 64] Decoy} Kxf7 29. Qxf5+ Kg8 30. Re7 {[%emt 0:00:50][%csl LRb7,LRg7] Hoping for Qe5.} Rf8 31. Qe5 Rf7 {[%emt 0:00:24] And now ...Rxe7 would win.} 32. Re6 (32. Rxf7 Kxf7 33. Qc7+ Kg8 34. Qxb7 Re8) ({Reject} 32. Rxf7 Kxf7 33. Qc7+ Kg8 34. Qxb7 Re8 $17) 32... g6 33. Nf6+ Kh8 34. g4 Qxh2 35. Rd6 Qh1+ 36. Kc2 Qg2+ 37. Rd2 Qh3 38. Kb2 Qf1 {[%emt 0:00:34] Threatens to win with ...Qb5+.} 39. Nxh7+ Kg8 $1 40. Ng5 $2 (40. Nf6+ Rxf6 41. Qxf6 Qb5+ 42. Kc2 (42. Ka1 Qf1+ 43. Ka2 Qc4+ 44. Kb2 Qb5+ 45. Ka2 Qc4+ 46. Kb2 Qb5+) 42... Qc4+ 43. Qc3 Qxc3+ 44. Kxc3) (40. Nf6+ $11 {and White stays safe.} Rxf6 41. Qxf6 Qb5+ 42. Kc2 (42. Ka1 Qf1+ 43. Ka2 Qc4+ 44. Kb2 Qb5+ 45. Ka2 Qc4+ 46. Kb2 Qb5+ $11) 42... Qc4+ 43. Qc3 Qxc3+ 44. Kxc3) 40... Qxf4 $19 41. Qxf4 Rxf4 {[%emt 0:00:40][%mdl 4096] Endgame KRR-KRN} 42. Rd6 Rxa5 43. Rxg6+ Kh8 44. Ne6 Rf3 45. g5 (45. Nd4 Rfxa3 46. Rh6+ Kg7 47. Rd6) (45. Nd4 $142 Rfxa3 46. Rh6+ Kg7 47. Rd6) 45... Raxa3 {[%emt 0:05:30] White must now prevent ...Rae3.} 46. Nd4 Rh3 47. Rd6 Rag3 48. Rd8+ Kh7 49. Rd7+ Kg6 50. Rxb7 Rg2+ 51. Ka1 Ra3+ 52. Kb1 Rd3 {[%emt 0:00:03] Weighted Error Value: White=0.61/Black=0.06 (flawless)} 0-1

[Event "GCT Superbet Romania 2022"]
[Site "Bucharest"]
[Date "2022.05.07"]
[Round "3.4"]
[White "Aronian, Levon"]
[Black "Firouzja, Alireza"]
[Result "1/2-1/2"]
[ECO "D17"]
[WhiteElo "2765"]
[BlackElo "2804"]
[Annotator "TA"]
[PlyCount "124"]
[EventDate "2022.05.05"]
[EventType "tourn"]
[EventCountry "ROU"]
[SourceTitle "playchess.com"]
[Source "ChessBase"]
[SourceQuality "1"]
[TimeControl "40/5400+30:1800+30"]

1. c4 c6 2. Nf3 d5 3. d4 Nf6 4. Nc3 dxc4 5. a4 Bf5 6. Ne5 Nbd7 7. Nxc4 Qc7 8. g3 e5 9. dxe5 Nxe5 10. Bf4 Nfd7 11. Bg2 g5 $1 {[%emt 0:00:12] 11...g5 is better than 11...f6. D17: Slav Defence: 5 a4 Bf5: Lines with 6 Nh4 and 6 Ne5.} 12. Ne3 gxf4 13. Nxf5 O-O-O (13... Qb6 14. gxf4 Ng6 15. e3) ({Much less strong is} 13... Qb6 14. gxf4 Rg8 15. O-O $16) 14. Qc2 (14. gxf4 Nc5 15. Qc2 Nc4) ({Don't play} 14. gxf4 Nc5 15. Qc2 Nc4 $15) 14... Kb8 15. gxf4 Nc4 16. e3 Nc5 $1 17. Rd1 {[%emt 0:00:05] Against Rd2} Rxd1+ $1 18. Nxd1 Qa5+ $1 {[%emt 0:00:26] [#]} 19. Ke2 $146 (19. Nc3) (19. Nc3 Qb6 20. O-O Qxb2 21. Qxb2 Nxb2 22. Rb1 Ncd3 23. Be4 Kc7 24. Kf1 a5 25. Bxd3 Nxd3) (19. Nc3 $1 $14) ({Predecessor:} 19. Nc3 Qb6 20. O-O Qxb2 21. Qxb2 Nxb2 22. Rb1 Ncd3 23. Be4 Kc7 24. Kf1 a5 25. Bxd3 Nxd3 {½-½ (50) Wang,H (2726)-Nakamura,H (2778) Istanbul 2012}) 19... Qa6 $15 20. Kf3 $1 Qxa4 21. Qxa4 Nxa4 22. Ke2 (22. Nd4) 22... Ncxb2 23. Nxb2 Nxb2 24. Rb1 Na4 {[%emt 0:02:00] [#] aiming for ...Nc3+.} 25. Kd2 {[%emt 0:00:14] Inhibits Nc3.} Nb6 26. Bf3 Bc5 27. Nh6 f6 28. Rg1 a5 29. Rg8+ (29. Be4 $142) 29... Rxg8 $17 30. Nxg8 {[%emt 0:00:04][%mdl 4096] Endgame KBN-KBN} f5 31. Kc2 a4 32. Nh6 Nc4 33. Be2 Nd6 34. Bd3 Ne4 35. Bxe4 $2 (35. Nxf5 Nxf2 36. Bf1) (35. Nf7 {was necessary.}) 35... fxe4 $19 {[%emt 0:00:06] KB-KN} 36. Ng8 b5 37. Nf6 Kc7 {[%emt 0:02:53] Prevents Nd7. White must now prevent ...b4.} 38. Nxh7 $2 (38. f5) (38. Nxe4 Bd6 39. Nf6) 38... b4 39. Ng5 b3+ 40. Kb2 Bb4 {[%emt 0:00:00] [#] Threatens to win with ...c5.} 41. Nxe4 c5 $2 (41... Kb6 42. f5 Bf8) (41... Kb6 $19 42. f5 Bf8) 42. Nc3 $1 $11 {[%emt 0:00:07] The position is equal.} Bxc3+ 43. Kxc3 {[%emt 0:00:04] Strongly threatening h4. KP-KP} c4 44. Kb2 Kd6 45. f5 $1 Ke5 46. f3 $1 Kxf5 {[%emt 0:05:24] K3P-K3P} 47. h4 Ke5 (47... Kf6 48. f4 Kf5) 48. h5 Kf5 49. f4 Ke4 $1 50. h6 Kd3 51. h7 c3+ 52. Ka3 $1 (52. Kb1 Kd2 53. h8=Q c2+ 54. Kb2 c1=Q#) (52. Kb1 $2 Kd2 53. h8=Q c2+ 54. Kb2 c1=Q#) 52... c2 53. h8=Q $1 {[%emt 0:00:09] White wants to mate with Qd4+.} (53. Kb2 Kd2 54. Ka3 c1=Q+ 55. Kxa4 b2 56. h8=Q Qa1+ 57. Kb4 b1=Q+) (53. Kb2 {leads to mate.} Kd2 54. Ka3 c1=Q+ 55. Kxa4 b2 56. h8=Q Qa1+ 57. Kb4 b1=Q+) 53... c1=Q+ 54. Kxa4 {[%emt 0:00:35] Qd4+ is the strong threat. KQ-KQ} b2 (54... Qc3 55. Qh7+ Ke2) (54... Qc3 $5 55. Qh7+ Kxe3 $11) 55. Qh7+ Kxe3 (55... Kd2 56. Qh2+ Ke1 57. Qg3+ Kd2 58. Qh2+ Kxe3 59. Qh3+ Kd4 60. Qd7+ Ke4 61. Qh7+ Kxf4 62. Qh6+ Kg3 63. Qg6+ Kh4 64. Qe4+ Kh5 65. Qe8+ Kh6 66. Qe6+ Kg7 67. Qe7+ Kg8 68. Qe8+ Kh7 69. Qf7+ Kh8 70. Qe8+ Kh7 71. Qf7+ Kh8 72. Qe8+ Kh7) (55... Kd2 $5 56. Qh2+ Ke1 57. Qh1+ Kf2 58. Qh4+ Kxe3 59. Qg3+ Kd2 60. Qg2+ Kd3 61. Qg6+ Ke3 62. Qb6+ Kxf4 63. Qh6+ Kg4 64. Qe6+ Kf3 65. Qh3+ Ke4 66. Qh7+ Ke5 67. Qh8+ Ke6 68. Qg8+ Ke7 69. Qg7+ Kd8 70. Qd4+ Kc8 71. Qh8+ Kd7 72. Qd4+ Ke6 73. Qg4+ Kf6 74. Qh4+ Qg5 75. Qf2+ Kg6 76. Qxb2 Qf6 77. Qxf6+ Kxf6 $11) 56. Qh3+ $1 Kxf4 57. Qh4+ Kf5 58. Qh3+ Ke5 {[%emt 0:00:57] ( -> ...Qa1+)} 59. Qh5+ Kd6 60. Qg6+ Kc7 61. Qg7+ Kb6 62. Qxb2+ Qxb2 {[%emt 0:04:54] Black had all chances to win.  Weighted Error Value: White=0.28 (precise) /Black=0.10 (very precise)} 1/2-1/2

[Event "GCT Superbet Romania 2022"]
[Site "Bucharest"]
[Date "2022.05.07"]
[Round "3.5"]
[White "Vachier-Lagrave, Maxime"]
[Black "Mamedyarov, Shakhriyar"]
[Result "1/2-1/2"]
[ECO "B11"]
[WhiteElo "2750"]
[BlackElo "2770"]
[Annotator "TA RC"]
[PlyCount "40"]
[EventDate "2022.05.05"]
[EventType "tourn"]
[EventCountry "ROU"]
[SourceTitle "playchess.com"]
[Source "ChessBase"]
[SourceQuality "1"]
[TimeControl "40/5400+30:1800+30"]

1. e4 c6 2. Nf3 d5 3. Nc3 dxe4 4. Nxe4 Nf6 5. Qe2 Nxe4 6. Qxe4 Qa5 {[%emt 0:00:04] B11: Caro-Kann: Two Knights Variation.} 7. c3 Bf5 {[%emt 0:00:29] The position is equal.} 8. Qh4 {[%emt 0:00:10] [#]} Nd7 $146 ({Predecessor:} 8... e6 9. d4 Be7 10. Qg3 Bf6 11. Bf4 Nd7 12. Ne5 Bxe5 13. Bxe5 Nxe5 14. dxe5 O-O {0-1 (51) Nilsen,T (2169)-Amburgy,R (1989) Chess.com INT 2021}) 9. d4 e6 10. Nd2 c5 11. dxc5 Qxc5 12. Be2 Be7 13. Qg3 O-O 14. Nb3 Qe5 15. Bf4 Qe4 16. Qf3 Qc2 17. Bd1 Qe4+ (17... Qxb2 $2 18. Bc1 Be4 19. Bxb2 $18) 18. Be2 Qc2 19. Bd1 Qe4+ (19... Qxb2 $2 20. Bc1 Be4 21. Bxb2 $18) 20. Be2 Qc2 {[%emt 0:42:56] A balanced but interesting game.  Weighted Error Value: White=0.04 (flawless) /Black=0.04 (flawless)} 1/2-1/2

[Event "GCT Superbet Romania 2022"]
[Site "Bucharest"]
[Date "2022.05.08"]
[Round "4.1"]
[White "So, Wesley"]
[Black "Nepomniachtchi, Ian"]
[Result "1-0"]
[ECO "E05"]
[WhiteElo "2766"]
[BlackElo "2773"]
[Annotator "TA"]
[PlyCount "115"]
[EventDate "2022.05.05"]
[EventType "tourn"]
[EventCountry "ROU"]
[SourceTitle "playchess.com"]
[Source "ChessBase"]
[SourceQuality "1"]
[TimeControl "40/5400+30:1800+30"]

1. Nf3 d5 2. d4 Nf6 3. c4 e6 4. g3 Be7 5. Bg2 O-O 6. O-O dxc4 7. Qc2 b5 8. a4 {[%emt 0:06:23] E05: Open Catalan: 5 Nf3 Be7.} Bb7 9. axb5 a6 10. bxa6 {[%emt 0:00:07] White has an edge.} Nxa6 11. Qxc4 Bd5 12. Qc3 c5 13. Be3 Ne4 14. Qe1 Nb4 15. Rxa8 Qxa8 16. Nc3 Nxc3 17. bxc3 Nc2 18. Qd2 Nxe3 19. Qxe3 cxd4 20. cxd4 Rd8 21. Qf4 $1 h6 {[%emt 0:01:46] [#]} 22. e3 $146 ({Predecessor:} 22. h4 Bf6 23. e3 Rc8 24. Ne1 Bxg2 25. Nxg2 Rc4 26. Qg4 e5 27. Qe2 Qc6 28. dxe5 Bxe5 {½-½ (43) Giri,A (2772)-Nepomniachtchi,I (2782) Warsaw 2021}) 22... Bd6 23. Qh4 Bb4 24. Qg4 Bxf3 25. Bxf3 Qa5 26. Rb1 Bd6 27. h4 Rb8 28. Rxb8+ Bxb8 $16 {[%emt 0:00:02][%mdl 4096] Endgame KQB-KQB} 29. d5 Qa1+ 30. Kg2 Qe5 31. Qc4 {[%emt 0:03:27] And now Qc8+ would win.} Bd6 32. dxe6 Qxe6 33. Bd5 Qd7 (33... Qf6 $142) 34. h5 (34. Qe4 $142) 34... Qf5 35. Qc6 Bf8 36. Bf3 Qe6 37. Qa8 Qe5 38. Bg4 Qf6 39. Bd1 Qf5 40. Qb7 Qe5 41. Be2 Qf5 42. Bf3 Qe5 43. Bg4 Qg5 44. Qf3 g6 45. hxg6 Qxg6 46. Bf5 Qf6 47. Qd5 Qd6 48. Qc4 {[%emt 0:00:18] White is more active.} Qb4 49. Qe2 Qb7+ 50. Kh2 Bg7 51. Bd3 Qd5 52. Bc4 Qe4 53. Bb3 Qf5 {[%emt 0:01:07] Prevents Qh5.} (53... Qb1 $142) 54. e4 Qf6 55. Kg2 Qb6 56. Bd5 Bd4 (56... Qg6 $16 57. e5 Qf5) 57. e5 $18 Qg6 {[%emt 0:02:48] [#] Inhibits Qh5.} (57... Kf8 58. Qf3 Qg6) 58. Bxf7+ $1 {[%emt 0:02:01][%mdl 512] Weighted Error Value: White=0.03 (flawless) /Black=0.07 (flawless)} 1-0

[Event "GCT Superbet Romania 2022"]
[Site "Bucharest"]
[Date "2022.05.08"]
[Round "4.2"]
[White "Mamedyarov, Shakhriyar"]
[Black "Deac, Bogdan-Daniel"]
[Result "1/2-1/2"]
[ECO "D39"]
[WhiteElo "2770"]
[BlackElo "2671"]
[Annotator "TA"]
[PlyCount "79"]
[EventDate "2022.05.05"]
[EventType "tourn"]
[EventCountry "ROU"]
[SourceTitle "playchess.com"]
[Source "ChessBase"]
[SourceQuality "1"]
[TimeControl "40/5400+30:1800+30"]

1. d4 Nf6 2. c4 e6 3. Nf3 d5 4. Nc3 dxc4 5. e4 Bb4 6. Bg5 h6 7. Bxf6 Qxf6 8. Bxc4 c5 9. O-O {[%emt 0:00:58] D39: Queen's Gambit Declined: Ragozin Defence with 5 Bg5 dxc4.} cxd4 $1 {[%emt 0:00:17] [#] 9...cxd4 scores better than 9...0-0.} 10. e5 $1 Qd8 11. Ne4 {[%emt 0:00:16][%mdl 1024] White has compensation.} O-O 12. Qe2 Be7 13. Rfd1 (13. Rad1 $5 ) 13... Qa5 14. a3 (14. Rxd4 Nc6 15. Rd2 (15. Qd2 Qc7 $15) 15... Nxe5 $17) 14... Rd8 15. b4 Qb6 16. g4 Nd7 17. Rac1 (17. Rxd4 Nxe5 $1 18. Rxd8+ Qxd8 $17) 17... Qc7 {[%emt 0:00:15] [#]} 18. Ng3 $146 (18. Bxe6 $1 $14 Qb6 19. Bf5) ({Predecessor:} 18. Bxe6 Qb6 19. Bf5 Nf8 20. Nc5 g6 21. Na4 Qa6 22. Qxa6 bxa6 23. Bxc8 Raxc8 24. Rxc8 Rxc8 25. Rxd4 {½-½ (31) Gukesh,D (2578)-So,W (2770) chess24.com INT 2021}) 18... Qb8 $11 19. h4 Nf8 20. Bd3 (20. Rxd4 Rxd4 21. Nxd4 Ng6 $15) ({Reject} 20. Nxd4 a5 21. h5 axb4 22. axb4 Bxb4 $15) (20. g5 $1 $11) 20... b6 21. g5 $1 {[%emt 0:00:00] gxh6 is the strong threat.} Bb7 22. gxh6 Bxf3 ({Don't play} 22... gxh6 23. Be4 $16) 23. Qxf3 {[%emt 0:00:00] Threatens to win with Be4.} Qxe5 24. hxg7 {[%emt 0:00:00] [#]} Qxg7 (24... Nd7 $1 $17) 25. Kh1 $1 Qf6 (25... Bxh4 $2 26. Nh5 Qh6 27. Rg1+ (27. Rc7 Rd5 $18) 27... Ng6 28. Rc7 $18) 26. Qg4+ Ng6 27. Be4 Rac8 (27... Rab8 {seems wilder.} 28. Rc7 Qxh4+ 29. Qxh4 Bxh4 30. Rg1 Re8) 28. Bxg6 {[%emt 0:00:00] The position is equal.} Qxg6 29. Qxg6+ fxg6 30. Rxc8 Rxc8 31. Rxd4 {[%emt 0:00:00][%mdl 4096] Endgame KRB-KRN} a5 32. Kg2 axb4 33. axb4 Rc2 34. Re4 Kf7 35. Rf4+ Kg8 36. Re4 Kf7 37. Rf4+ Kg8 38. Re4 Kf7 39. Rf4+ Kg8 40. Re4 {[%emt 0:00:00] Weighted Error Value: White=0.07 (flawless) /Black=0.06 (flawless)} 1/2-1/2

[Event "GCT Superbet Romania 2022"]
[Site "Bucharest"]
[Date "2022.05.08"]
[Round "4.3"]
[White "Firouzja, Alireza"]
[Black "Rapport, Richard"]
[Result "1/2-1/2"]
[ECO "B45"]
[WhiteElo "2804"]
[BlackElo "2776"]
[Annotator "TA"]
[PlyCount "92"]
[EventDate "2022.05.05"]
[EventType "tourn"]
[EventCountry "ROU"]
[SourceTitle "playchess.com"]
[Source "ChessBase"]
[SourceQuality "1"]
[TimeControl "40/5400+30:1800+30"]

1. e4 c5 2. Nf3 e6 3. d4 cxd4 4. Nxd4 Nc6 5. Nc3 Nf6 6. Nxc6 bxc6 7. e5 Nd5 8. Ne4 Qc7 9. f4 Qb6 10. c4 Bb4+ 11. Ke2 f5 12. Nf2 Ba6 13. Kf3 Ne7 14. Be3 Bc5 15. Bxc5 {[%emt 0:00:13] B45: Sicilian Four Knights.} Qxc5 16. Qd6 Qb6 17. Be2 {[%emt 0:04:59] White is slightly better.} Rd8 18. b4 {[%emt 0:14:21] [#]} Nc8 $146 ({Predecessor:} 18... g5 19. fxg5 Ng6 20. g3 Qb8 21. Kg2 Nxe5 22. Bh5+ Ng6 23. Qd4 O-O 24. c5 d6 {½-½ (49) Baranowski,T (2375)-Leupold,V (2386) ICCF email 2018}) 19. Qc5 d5 20. exd6 Nxd6 21. Qe5 c5 $1 22. Qxc5 ({But not} 22. bxc5 Qc6+ 23. Kg3 Nf7 $17) 22... Rc8 23. Qxb6 axb6 24. Rhc1 {[%emt 0:07:57] c5 is the strong threat.} Bxc4 25. Bxc4 Nxc4 26. Nd3 Ke7 $1 27. a4 Rhd8 28. Ke2 Rd4 29. a5 bxa5 30. bxa5 Rcd8 31. Rc3 Re4+ $1 32. Kf2 {[%emt 0:01:59] Black must now prevent a6.} Red4 $1 {[%emt 0:01:16] [#]} 33. Ne5 (33. a6 $1 $14) 33... Nxe5 $11 34. fxe5 {[%emt 0:00:03][%mdl 4096] Endgame KRR-KRR} R8d7 35. a6 Ra7 $1 36. Ra5 Rd2+ {[%emt 0:05:51] The position is equal.} 37. Kf3 Rb2 38. Rc6 g5 39. Rd6 Rc7 {[%emt 0:07:35] [#] ( -> ...Rc3+)} 40. Ra3 {[%emt 0:00:00] Inhibits Rc3+.} Rcc2 ({Don't do} 40... g4+ 41. Kf4 Ra7 42. Rc3 $14) 41. Rdd3 Rf2+ $1 42. Ke3 {[%emt 0:00:08] Threatens to win with a7.} Rbc2 $1 43. Rdb3 Rcd2 44. Rd3 Rc2 45. Rd1 {[%emt 0:00:58] aiming for a7.} Ra2 {[%emt 0:01:15] Hoping for ...f4+.} 46. Rdd3 {[%emt 0:03:18] And now a7 would win.} Rac2 $1 {Weighted Error Value: White=0.06 (flawless) /Black=0.02 (flawless)} 1/2-1/2